 Dungeon Crawl Stone Soup version 0.24.0-2-g5b39cebb1c (webtiles) character file.

Game seed: 16115878354151079498, levelgen mode: deterministic

5597 H0rd4k the Slicer (level 11, -9/81 HPs)
             Began as a Human Artificer on Oct 29, 2019.
             Was an Initiate of Gozag.
             Mangled by an orc warrior
             ... wielding a +0 glaive
              (21 damage)
             ... on level 9 of the Dungeon.
             The game lasted 00:20:53 (9329 turns).

H0rd4k the Slicer (Human Artificer)                 Turns: 9329, Time: 00:20:53

Health: -9/81      AC: 10    Str: 15    XL:     11   Next: 3%
Magic:  14/14      EV: 16    Int: 11    God:    Gozag
Gold:   1142       SH:  0    Dex: 15    Spells: 10/10 levels left

rFire    + . .     SeeInvis .   s - +5 dagger (venom)
rCold    . . .     Gourm    +   (no shield)
rNeg     . . .     Faith    .   B - +2 leather armour of Quantum Leap {rPois rF+}
rPois    +         Spirit   .   (no helmet)
rElec    .         Reflect  .   A - +0 cloak
rCorr    .         Harm     .   F - +1 pair of gloves
MR       +....                  m - +0 pair of boots
Stlth    +++.......             w - amulet of the gourmand
HPRegen  0.23/turn              C - ring of protection from magic
MPRegen  0.14/turn              q - ring of flight

@: no status effects
A: no striking features
a: Potion Petition, Call Merchant, Bribe Branch, Renounce Religion, Evoke Flight


You were on level 9 of the Dungeon.
You worshipped Gozag.
Gozag was most pleased with you.
You were not hungry.

You visited 2 branches of the dungeon, and saw 10 of its levels.

You collected 1230 gold pieces.
You paid 88 gold pieces to Gozag.

Inventory:

Hand Weapons
 a - a +0 short sword
 r - a +1 rapier of draining
 s - a +5 dagger of venom (weapon)
 J - a +1 hunting sling of flaming
 K - the +0 quarterstaff of Fixation {holy, Int+4}
   (You found it on level 7 of the Dungeon)

   It has been blessed by the Shining One to cause great damage to the undead
   and demons.
   It affects your intelligence (+4).
Missiles
 E - 2 throwing nets (quivered)
 L - 5 boomerangs
Armour
 m - a +0 pair of boots (worn)
 A - a +0 cloak (worn)
 B - the +2 leather armour of Quantum Leap (worn) {rPois rF+}
   (You found it on level 4 of the Dungeon)

   It protects you from fire.
   It protects you from poison.
 F - a +1 pair of gloves (worn)
Jewellery
 j - an uncursed ring of ice
 o - an uncursed ring of protection from cold
 q - a ring of flight (right hand)
 w - an amulet of the gourmand (around neck)
 y - an uncursed ring of wizardry
 C - a ring of protection from magic (left hand)
 G - a cursed amulet of inaccuracy {unknown}
Wands
 c - a wand of flame (25)
 d - a wand of enslavement (24)
 e - a wand of random effects (8)
 D - a wand of polymorph (11)
Scrolls
 h - 6 scrolls of remove curse
 i - 2 scrolls of magic mapping
 l - 7 scrolls of identify
 n - 7 scrolls of teleportation
 p - a scroll of fear
 H - 2 scrolls of noise {unknown}
 M - a scroll of amnesia
 N - a scroll of immolation {unknown}
 Q - a scroll of summoning {unknown}
Potions
 b - a potion of cancellation {unknown}
 g - 2 potions of curing
 k - 3 potions of brilliance
 t - a potion of ambrosia {unknown}
 u - a potion of berserk rage
 v - 3 potions of might
 z - a potion of degeneration {unknown}
 I - a potion of lignification {unknown}
 O - 2 potions of agility {unknown}
 P - a potion of mutation {unknown}
 R - 3 potions of haste {unknown}
Comestibles
 f - 8 rations


   Skills:
 + Level 6.2 Fighting
 + Level 9.4 Short Blades
 + Level 4.6 Armour
 + Level 7.0 Dodging
 + Level 6.6 Stealth
 + Level 4.8 Evocations


You had 10 spell levels left.
You didn't know any spells.
Your spell library contained the following spells:

 Spells                   Type           Power        Failure   Level  Hunger
 Magic Dart               Conj           #...         38%         1    ##.....
 Searing Ray              Conj           #.....       54%         2    ###....
 Dazzling Spray           Conj/Hex       #.....       77%         3    ####...
 Force Lance              Conj/Tloc      #.......     99%         4    #####..
 Fulminant Prism          Conj/Hex       #.........   99%         4    #####..
 Iskenderun's Mystic Bla  Conj           #.......     99%         4    #####..


Dungeon Overview and Level Annotations

Branches:
Dungeon (9/15)             Temple (1/1) D:5            Lair (0/6) D:9
    Orc: D:9-12

Altars:
Ashenzari
Cheibriados
Dithmenos
Elyvilon
Fedhas
Gozag
Hepliaklqana
Kikubaaqudgha
Makhleb
Nemelex Xobeh
Okawaru
Qazlal
Ru
Sif Muna
Trog
Uskayaw
Vehumet
Wu Jian
Xom
Yredelemnul
Zin
The Shining One

Shops:
D:8 *

Annotations:
D:3 exclusion: downstairs
D:4 exclusion: downstairs
D:5 exclusion: downstairs


Message History

The two-headed ogre hits you with a +0 dire flail!
* * * LOW HITPOINT WARNING * * *
The two-headed ogre closely misses you.
Evoke which item? (* to show all) (? for menu, Esc to quit)
Aiming: Enslavement
Press: ? - help, Shift-Dir - straight line, f - orc warrior, p - two-headed ogre
Aim: an orc warrior, wielding a +0 glaive and wearing a +0 chain mail (chance to defeat MR: 60%)
Okay, then.
Unknown command.
Okay, then.
The orc warrior misses you.
The orc warrior hits you from afar with a +0 glaive!
* * * LOW HITPOINT WARNING * * *
You feel much better.
The two-headed ogre hits you with a +0 dire flail!
* * * LOW HITPOINT WARNING * * *
The two-headed ogre barely misses you.
The orc warrior hits you from afar with a +0 glaive!!
You die...
Your body crumbles into a pile of gold.

...###'###.#.<........#.#.#..##..
...........#..........#o##..#####
...........#..........#.#..#.##
###'###...o#..........#.#.#...#
#.....#....#..........#.#...#.#
#.....#....#...O......#o##.#.###
#.....#....#........###oo##_##.#
#.....#....#..o.....#.....###..#
#.....#....#....@...#...o..o...##
#.....#....#........#......o.....
#######....'........#.....######.
...........#.....####.....#
...........#.....'........#
###........#.....'........#
#........#######........#
#.......... .........#
#....<...... ........#


You could see a two-headed ogre and an orc warrior.

Vanquished Creatures
  A two-headed ogre (D:9)
  Pikel (D:5)
  A troll (D:9)
  Sigmund (D:2)
  A wyvern (D:9)
  Grum (D:8)
  Menkaure (D:5)
  Blork the orc (D:3)
  A black bear (D:8)
  3 ice beasts
  3 sky beasts
  An eye of draining (D:7)
  4 ogres
  2 centaurs
  4 wolves (D:8)
  3 bullfrogs
  3 scorpions
  A wyvern skeleton (D:6)
  6 wights
  3 howler monkeys
  5 crimson imps
  6 jellies
  3 centaur zombies
  A quasit (D:6)
  An iron imp (D:8)
  6 hounds
  A bullfrog skeleton (D:8)
  2 orc priests
  5 orc wizards
  A centaur skeleton (D:8)
  Terence (D:2)
  2 iguanas (D:5)
  7 worker ants
  A hound zombie (D:9)
  2 hound skeletons
  A worker ant zombie (D:5)
  3 gnolls
  A howler monkey skeleton (D:6)
  8 adders
  3 shadow imps
  2 oozes (D:6)
  2 adder skeletons
  2 adder zombies
  2 worms
  A dart slug (D:2)
  5 leopard geckos
  29 orcs
  A ball python (D:7)
  4 bats
  9 giant cockroaches
  4 goblins
  4 hobgoblins
  6 jackals
  7 quokkas
  7 frilled lizards
  A giant cockroach zombie (D:5)
  A jackal skeleton (D:8)
  4 kobolds
  A leopard gecko skeleton (D:5)
  5 rats
199 creatures vanquished.

Vanquished Creatures (collateral kills)
  Jessica (D:3)
  A giant cockroach (D:3)
2 creatures vanquished.

Vanquished Creatures (others)
  A bullfrog (D:9)
  An orc wizard (D:3)
  An iguana (D:7)
3 creatures vanquished.

Grand Total: 204 creatures vanquished

Notes
Turn   | Place    | Note
-------+----------+-------------------------------------------
     0 | D:1      | H0rd4k the Human Artificer began the quest for the Orb.
     0 | D:1      | Reached XP level 1. HP: 15/15 MP: 3/3
   142 | D:1      | Reached XP level 2. HP: 11/21 MP: 4/4
   886 | D:2      | Found a hide-covered altar of Uskayaw.
   919 | D:2      | Noticed Sigmund
   954 | D:2      | Reached XP level 3. HP: 17/26 MP: 5/5
   964 | D:2      | Killed Sigmund
   964 | D:2      | Reached skill level 2 in Short Blades
   964 | D:2      | Reached skill level 1 in Armour
   964 | D:2      | Reached XP level 4. HP: 23/32 MP: 6/6
   964 | D:2      | Reached XP level 5. HP: 26/37 MP: 7/7
  1318 | D:2      | Noticed Terence
  1321 | D:2      | Killed Terence
  1321 | D:2      | Reached XP level 6. HP: 42/43 MP: 8/8
  1664 | D:2      | Reached skill level 3 in Short Blades
  1966 | D:4      | Noticed Blork the orc
  1986 | D:3      | Noticed Jessica
  1994 | D:3      | Killed Jessica
  2208 | D:3      | Killed Blork the orc
  2691 | D:3      | Reached XP level 7. HP: 34/50 MP: 9/9
  3700 | D:4      | Got a steaming leather armour
  3711 | D:4      | Identified the +2 leather armour of Quantum Leap {rPois
                  | rF+} (You found it on level 4 of the Dungeon)
  3838 | D:4      | Reached skill level 4 in Short Blades
  4217 | D:5      | Entered Level 5 of the Dungeon
  4307 | D:4      | Reached XP level 8. HP: 31/57 MP: 11/11
  4655 | D:5      | Noticed Menkaure
  4666 | D:5      | Killed Menkaure
  4929 | D:5      | Noticed Pikel
  4955 | D:5      | Killed Pikel
  4955 | D:5      | Reached skill level 5 in Short Blades
  4994 | D:5      | Reached XP level 9. HP: 65/65 MP: 12/12
  5028 | D:5      | Reached skill level 6 in Short Blades
  5162 | D:5      | Found a staircase to the Ecumenical Temple.
  5182 | Temple   | Entered the Ecumenical Temple
  5246 | Temple   | Became a worshipper of Gozag Ym Sagoz the Greedy
  5488 | D:5      | Reached skill level 5 in Dodging
  6055 | D:6      | Reached skill level 7 in Short Blades
  6205 | D:6      | Reached skill level 5 in Stealth
  6734 | D:7      | Found a shimmering altar of Xom.
  6987 | D:7      | Reached XP level 10. HP: 57/73 MP: 13/13
  7003 | D:7      | Reached skill level 5 in Fighting
  7491 | D:7      | Got a crystal quarterstaff
  7659 | D:7      | Identified the cursed +0 quarterstaff of Fixation {holy,
                  | Int+4} (You found it on level 7 of the Dungeon)
  7883 | D:6      | Reached skill level 8 in Short Blades
  7969 | D:6      | Found a blossoming altar of Fedhas.
  8370 | D:8      | Noticed Grum
  8392 | D:8      | Killed Grum
  8665 | D:8      | Found a burning altar of Makhleb.
  8690 | D:8      | Found Teomn's General Store.
  8922 | D:9      | Noticed a two-headed ogre
  8937 | D:9      | Killed a two-headed ogre
  8937 | D:9      | Reached skill level 9 in Short Blades
  9143 | D:9      | Noticed a two-headed ogre
  9157 | D:9      | Found a staircase to the Lair.
  9208 | D:9      | Found a shimmering blue altar of Sif Muna.
  9230 | D:9      | Reached XP level 11. HP: 81/81 MP: 14/14
  9326 | D:9      | HP: 2/81 [orc warrior/+0 glaive (14)]
  9329 | D:9      | Mangled by an orc warrior

Levels and vault maps discovered:
D:1:      lemuel_arrival_lava_pool, layout_basic
D:2:      layout_loops_corners, eat_drink_and_be_merry_uskayaw, uniq_sigmund,
          uniq_terence
D:3:      layout_basic, first_ration, uniq_jessica
D:4:      layout_basic, uniq_blork_the_orc
D:5:      minmay_bubble_buster, layout_basic, minmay_temple_entry_sparse_star,
          uniq_menkaure, uniq_pikel
D:6:      layout_rooms, fedhas_altar_2
D:7:      layout_basic, xom_confusion_cloud
D:8:      layout_cave_pools, makhleb_grotto_becter, serial_column_ruins,
          column_ruins_open_large, column_ruins_open_medium,
          column_ruins_grid_1, column_ruins_grid_4, column_ruins_open_small,
          column_ruins_grid_1, serial_shops, shop, uniq_grum
D:9:      layout_irregular_city, marbit_many_paths, lair_entry_dummy
Temple:   compressed_dpeg_circular_temple

Skill      XL: |  1  2  3  4  5  6  7  8  9 10 |
---------------+-------------------------------+-----
Short Blades   | 2 3 4 5 7 9 |  9.4
Armour         | 1 2 3 4 |  4.6
Stealth        | 2 3 4 5 6 |  6.6
Dodging        | 3 4 5 7 |  7.0
Fighting       | 2 3 4 6 |  6.2
Evocations     | 4 |  4.8

Action                   |  1- 3 |  4- 6 |  7- 9 | 10-12 || total
-------------------------+-------+-------+-------+-------++-------
Melee: Short sword       |    90 |    15 |       |       ||   105
       Dagger            |       |    75 |   480 |   311 ||   866
 Abil: Evoke Flight      |       |       |     1 |       ||     1
Evoke: Wand              |     6 |     5 |     9 |     8 ||    28
  Use: Potion            |       |     2 |       |     2 ||     4
       Scroll            |       |       |    16 |     2 ||    18
 Stab: Paralysed         |     6 |       |       |       ||     6
       Sleeping          |       |     2 |     7 |     9 ||    18
       Distracted        |       |       |     2 |     1 ||     3
  Eat: Chunk             |       |     6 |     8 |       ||    14
       Ration            |       |       |     2 |     2 ||     4
Armor: Leather armour    |    21 |    29 |   107 |    63 ||   220
Dodge: Dodged            |    51 |    65 |   253 |   137 ||   506
